 Dungeon Crawl Stone Soup version 0.21.1 (webtiles) character file.

822 Santangelo the Digger (level 7, -1/53 HPs)
             Began as a Demigod Earth Elementalist on Feb 3, 2018.
             Killed from afar by an orc wizard (5 damage)
             ... with a puff of frost
             ... on level 4 of the Dungeon.
             The game lasted 01:00:25 (5448 turns).

Santangelo the Digger (Demigod Earth Elementalist)  Turns: 5448, Time: 01:00:26

Health: -1/53      AC: 11    Str: 11    XL:     7   Next: 36%
Magic:  16/16      EV:  6    Int: 23    God:
Gold:   151        SH:  0    Dex: 16    Spells: 9/13 levels left

rFire    . . .     SeeInvis .   x - staff of poison
rCold    . . .     Gourm    .   (no shield)
rNeg     . . .     Faith    .   c - +0 chain mail
rPois    +         Spirit   .   t - +1 helmet
rElec    .         Reflect  .   (no cloak)
rCorr    .         Harm     .   m - +0 pair of gloves (curse)
MR       .....                  (no boots)
Stlth    ..........             (no amulet)
HPRegen  0.17/turn              h - ring of stealth
MPRegen  0.15/turn              (no ring)

@: very slightly contaminated
A: high mp 1
a: no special abilities


You were on level 4 of the Dungeon.
You were hungry.

You visited 2 branches of the dungeon, and saw 6 of its levels.

You collected 151 gold pieces.

Inventory:

Missiles
 b - 13 stones (quivered)
Armour
 c - a +0 chain mail (worn)
 g - a +0 leather armour of fire resistance
 m - a cursed +0 pair of gloves (worn)
 t - a +1 helmet (worn)
Magical Staves
 x - an uncursed staff of poison (weapon)
Jewellery
 h - a ring of stealth (left hand)
Scrolls
 a - 3 scrolls of teleportation
 i - 2 scrolls of fog
 n - a scroll of identify
 r - a scroll of immolation {unknown}
 s - a scroll of fear {unknown}
Potions
 j - a potion of heal wounds
 k - 2 potions of agility
 l - a potion of haste
 o - a potion of ambrosia {unknown}
 p - 2 potions of curing
 q - a potion of berserk rage
Books
 e - a book of Geomancy

   Spells                             Type                      Level
   a - Sandblast                      Earth                        1
   b - Passwall                       Transmutation/Earth          2
   c - Stone Arrow                    Conjuration/Earth            3
   d - Petrify                        Transmutation/Earth          4
   e - Lee's Rapid Deconstruction     Earth                        5
Comestibles
 d - 8 rations
 f - a chunk of flesh


   Skills:
 + Level 1.7 Fighting
   Level 2.1 Short Blades
 + Level 1.5 Staves
 + Level 2.1 Armour
 - Level 2.5 Dodging
 + Level 3.0 Stealth
 + Level 3.9 Spellcasting
 + Level 1.0 Conjurations
   Level 0.8 Transmutations
 + Level 4.6 Earth Magic


You had 9 spell levels left.
You knew the following spells:

 Your Spells              Type           Power        Failure   Level  Hunger
e - Stone Arrow           Conj/Erth      ###...       99%         3    ##.....
z - Sandblast             Erth           ####..       63%         1    None


Dungeon Overview and Level Annotations

Branches:
Dungeon (5/15)             Temple (1/1) D:4

Shops:
D:4 *


Innate Abilities, Weirdness & Mutations

You have an increased reservoir of magic. (+10% MP)


Message History

The orc wizard is heavily wounded.
The orc wizard hits you but does no damage. x2
You hit the orc wizard.
The orc wizard is severely wounded.
The orc wizard completely misses you.
You closely miss the orc wizard.
The orc wizard is severely wounded.
The orc wizard hits you but does no damage.
The orc wizard gestures at you while chanting.
The puff of frost hits you!
* * * LOW HITPOINT WARNING * * *
Your chain mail prevents you from hitting the orc wizard.
The orc wizard is severely wounded.
The orc wizard closely misses you. The orc wizard barely misses you.
Your chain mail prevents you from hitting the orc wizard.
The orc wizard is severely wounded.
The orc wizard hits you but does no damage.
The orc wizard casts a spell at you. The puff of frost hits you!
You die...

##### #................#.# #.#
#...#####.##...........###.# #.#
#.#.................#.## #.# #.#
#...#####.##........#.# #.# #.#
##.## #.###.##..###.####.# #.#
#.# #.# #.##..###......# ##.# #.#
#.# #.##......####.###... #.# #.#
#.##.####.# #....... #.# ##.#
#.>o@.....# #..##... #.# ##..#
####.###### #..##... #.#
##.#.###....# #.......
##.###.###..#.#.## #.......
...##.## ##..###.#########.......
####.## #.## ##........#..##...
#####.## ##..###.###.#......##...
.......###..#.#.###.###.#...###.#
#######.#.)##..###.## ##..#......


You could see an orc wizard.

Vanquished Creatures
  Sigmund (D:3)
  A phantom (D:5)
  Blork the orc (D:4)
  The ghost of Stimme the Sneak, an amateur SpEn (D:4)
  A howler monkey (D:5)
  An orc wizard (D:3)
  An orc priest (D:3)
  Ijyb (D:3)
  Terence (D:2)
  An iguana (D:4)
  Natasha (thrice) (D:3)
  A worker ant (D:4)
  Robin (D:2)
  3 adders
  A gnoll (D:5)
  3 oozes
  An adder skeleton (D:4)
  2 worms
  4 dart slugs
  2 leopard geckos
  5 orcs
  A giant cockroach (D:1)
  14 goblins
  10 hobgoblins
  13 jackals
  3 quokkas
  2 ball pythons
  11 bats
  7 frilled lizards
  9 kobolds
  12 rats
118 creatures vanquished.

Notes
Turn   | Place    | Note
-------+----------+-------------------------------------------
     0 | D:1      | Santangelo the Demigod Earth Elementalist began the quest for the Orb.
     0 | D:1      | Reached XP level 1. HP: 14/14 MP: 5/5
   121 | D:1      | Reached skill level 3 in Earth Magic
   128 | D:1      | Reached XP level 2. HP: 10/20 MP: 1/7
   725 | D:1      | Reached XP level 3. HP: 26/26 MP: 3/9
  1138 | D:2      | Noticed Terence
  1151 | D:2      | Killed Terence
  1221 | D:2      | Reached XP level 4. HP: 32/34 MP: 8/10
  1229 | D:2      | Noticed Robin
  1307 | D:2      | Killed Robin
  1350 | D:2      | Learned a level 3 spell: Stone Arrow
  2184 | D:3      | Noticed Sigmund
  2192 | D:3      | Killed Sigmund
  2192 | D:3      | Reached skill level 1 in Fighting
  2192 | D:3      | Reached skill level 1 in Short Blades
  2192 | D:3      | Reached XP level 5. HP: 38/40 MP: 4/12
  2263 | D:3      | Reached skill level 4 in Earth Magic
  2370 | D:3      | Reached XP level 6. HP: 47/47 MP: 3/14
  2514 | D:3      | Noticed Ijyb
  2519 | D:3      | Paralysed by Ijyb for 2 turns
  2525 | D:3      | Paralysed by Ijyb for 4 turns
  2534 | D:3      | Killed Ijyb
  2826 | D:3      | Noticed Natasha
  2848 | D:3      | Killed Natasha
  3424 | D:3      | Noticed Natasha
  3432 | D:3      | Killed Natasha
  3593 | D:3      | Noticed Natasha
  3610 | D:3      | Killed Natasha
  3860 | D:4      | Noticed Stimme's ghost (amateur SpEn)
  3996 | D:4      | Killed Stimme's ghost
  3996 | D:4      | Reached skill level 1 in Armour
  4082 | D:4      | Found Zadiacae's Assorted Antiques.
  4729 | D:4      | Reached skill level 1 in Staves
  4729 | D:4      | Reached XP level 7. HP: 52/52 MP: 12/15
  4758 | D:4      | Found a staircase to the Ecumenical Temple.
  4777 | Temple   | Entered the Ecumenical Temple
  4949 | D:4      | Noticed Blork the orc
  4963 | D:4      | Killed Blork the orc
  4963 | D:4      | Reached skill level 1 in Conjurations
  5169 | D:5      | Entered Level 5 of the Dungeon
  5448 | D:4      | Killed from afar by an orc wizard

Skill      XL: |  1  2  3  4  5  6  7 |
---------------+----------------------+-----
Earth Magic    | 3 4 |  4.6
Spellcasting   | 2 3 |  3.9
Stealth        | 2 3 |  3.0
Dodging        | 2 |  2.5
Fighting       | 1 |  1.7
Short Blades   | 1 2 |  2.1
Armour         | 1 2 |  2.1
Staves         | 1 |  1.5
Conjurations   | 1 |  1.0
Transmutations | |  0.8

Action                   |  1- 3 |  4- 6 |  7- 9 || total
-------------------------+-------+-------+-------++-------
Melee: Unarmed           |     5 |       |       ||     5
       Short sword       |    29 |    96 |       ||   125
       Staff             |       |   143 |    83 ||   226
 Cast: Sandblast         |    54 |    26 |    11 ||    91
       Stone Arrow       |       |    35 |       ||    35
  Use: Scroll            |       |    14 |       ||    14
       Potion            |       |     1 |       ||     1
 Stab: Sleeping          |     3 |     4 |       ||     7
  Eat: Chunk             |     1 |    10 |       ||    11
       Ration            |       |     2 |       ||     2
Armor: Robe              |     8 |    17 |       ||    25
       Chain mail        |       |    34 |   105 ||   139
       Leather armour    |       |    21 |       ||    21
Dodge: Dodged            |    35 |   150 |    29 ||   214
